switch, chaotic female human Rogue --- ----- -------- ---- |.| |... ......|---- |..| -----.| |... .....|!.*| |..--- --..|..| ..- ...|%?%| --...| |......| |..| --- -..|)..| ---.|-- |......-----..| |(( |..--|--- - |.|.---...-.........| |((.+.............- |..<....|...........| |(( |......--+- | --......---...----...| -+------..)...| |......--|....| +...| |.............| -------.....---....| |...| . --+-.....---|------------- -- |..................----...--+-- |..-|-|..................| |..---.....-------...|........| |..|..|----....--------- | --- |.....-- |...|..#..)....--..|..| +....|......| --....| |...|-.%..{........|..| |....-...._[| ---....-- ---...--..|....#.....--------....|......| --.......-----......%fI--.....................-------- |..........--.....----@N.....-----------------. |..|.|........--.-- ---.....| -- -------.----.----- --.|.-- --- --- ----- switch the Rogue Experience level: 6 Strength: 17 Dexterity: 18 Constitution: 11 Intelligence: 10 Wisdom: 11 Charisma: 13 Health: 0(42) Energy: 19(19) Def: 8 Gold: 155 Moves: 2908 Dungeon seed: 0QQIzzfkMXYFpslV Game ID: switch_1486732690 Your Inventory: Coins $ - 155 gold pieces Weapons a - an uncursed +0 short sword (weapon in hand) b - 7 uncursed +0 daggers (in quiver) W - 6 uncursed +0 daggers Armor f - an uncursed +0 dwarvish mithril-coat (being worn) r - an uncursed +0 pair of iron shoes (being worn) y - a blessed +0 dwarvish cloak (being worn) Comestibles d - an uncursed carrot G - an uncursed sprig of wolfsbane M - an uncursed tripe ration X - an uncursed food ration Wands D - an uncursed wand of light (0:6) Tools g - 4 blessed tallow candles (0:200) h - 2 cursed wax candles (0:400) k - an uncursed lock pick B - an uncursed sack T - 5 uncursed tallow candles (0:200) U - 4 uncursed wax candles (0:400) Gems n - 4 uncursed worthless pieces of red glass q - 2 uncursed worthless pieces of orange glass N - an uncursed worthless piece of white glass Contents of the sack: 372 gold pieces an uncursed scroll of confuse monster an uncursed scroll of create monster an uncursed scroll of earth an uncursed scroll of enchant armor an uncursed scroll of food detection an uncursed scroll of light an uncursed potion of blindness 2 blessed potions of booze a cursed potion of gain ability an uncursed potion of healing a cursed potion of healing a potion of holy water named HW 2 uncursed potions of sickness a blessed potion of speed an uncursed potion of water an uncursed potion of water named UC an uncursed ring of warning an uncursed wand of create monster (0:14) an uncursed +0 pick-axe named NC Spells and supernatural/magical abilities: Name Level Category Fail Memory W - pray for help -- divine ? -- Your skills at the end: Fighting Skills Weapon Skills dagger [Basic] short sword [Basic] Spellcasting Skills Final Attributes: You were piously aligned. You were telepathic. You were stealthy. You were lucky. You are dead. Vanquished creatures: a dwarf lord a pony a shrieker 5 gnome lords a gnomish wizard a red naga hatchling a guardian naga hatchling 4 elf zombies a giant ant 2 little dogs a floating eye 6 dwarves a kobold lord a kobold shaman a giant bat an orc zombie a werejackal an iguana 4 killer bees a large kobold a giant rat a cave spider 21 gnomes 7 garter snakes 3 geckos 5 jackals a fox a sewer rat 2 grid bugs 5 lichens 5 newts 88 creatures vanquished. Voluntary challenges: You had been an atheist until turn 2651. You used a wielded weapon 79 times, starting on turn 18. You read items or engraved 7 times, starting on turn 2297. You never genocided any monsters. You never polymorphed an object. You never changed form. You used no wishes. You never split a pudding. You wrote Elbereth's name 5 times, starting on turn 2297. You never violated your personal moral code. Dungeon overview: The Dungeons of Doom: levels 1 to 7 Level 1 a long staircase Level 2 a potion shop, a fountain Level 3 Level 4 a general store, a fountain stairs to The Gnomish Mines Level 5 some fountains Level 6 (soko entrance) a fountain stairs to Sokoban Level 7 (ants!) The Gnomish Mines: levels 5 to 7 Level 5 stairs to The Dungeons of Doom Level 6 (uruk-hai) Level 7 <- You were here some shops, a temple to Kos, some fountains, some trees Sokoban: Level 5 stairs to The Dungeons of Doom History has recorded: On T:1 you entered the Dungeons of Doom to retrieve the Amulet of Yendor! On T:145 you reached level 2 of The Dungeons of Doom. On T:308 you reached level 3 of The Dungeons of Doom. On T:721 you reached level 4 of The Dungeons of Doom. On T:802 you advanced to experience level 2. On T:1115 you reached level 1 of The Gnomish Mines. On T:1220 you reached level 5 of The Dungeons of Doom. On T:1258 you advanced to experience level 3. On T:1382 you reached level 6 of The Dungeons of Doom. On T:1435 you reached level 7 of The Dungeons of Doom. On T:1553 you reached level 4 of Sokoban. On T:1666 you advanced to experience level 4. On T:2157 you advanced to experience level 5. On T:2233 you reached level 2 of The Gnomish Mines. On T:2511 you advanced to experience level 6. Score breakdown: Gold: 527 ( 9261 points) Experience: 6 levels (12456 points) Exploration: 7 levels ( 13.46%) (10289 points) Discoveries: 6 items ( 2.01%) ( 4256 points) Valuables value: (no points given unless you survive) Artifact value: 0 ( 0 points) Variety of kills: 31 monsters ( 8.14%) ( 8557 points) Turncount: 2908 turns ( -553 points) Survival: died (score multiplied by 80%) Total score: 35412 Latest messages: Archaea misses the killer bee. (2x) You kill the killer bee! The red naga hatchling misses Archaea. Archaea eats a pony corpse. The red naga hatchling bites Archaea. Archaea bites the red naga hatchling. (2x) The red naga hatchling is killed! The red naga hatchling bites! Archaea eats a red naga hatchling corpse. You miss the red naga hatchling. The red naga hatchling misses. Archaea bites it. It hits Archaea. The red naga hatchling just misses! It hits! You hit the red naga hatchling. The red naga hatchling bites! You hit the red naga hatchling. (2x) The red naga hatchling bites! The red naga hatchling misses. It hits! You die... Final status: Goodbye switch the Rogue, killed by an invisible dwarf... You died in The Gnomish Mines on dungeon level 7 with 35412 points, and 527 pieces of gold, after 2908 moves. You were level 6 with a maximum of 42 hit points when you died.